 Dungeon Crawl Stone Soup version 0.19-a0-1891-ge1d1fe8 (webtiles) character file.

8117 Naow the Knight (level 11, -3/85 HPs)
             Began as a Formicid Fighter on Oct 18, 2016.
             Was a Priest of Okawaru.
             Killed from afar by a lindwurm (18 damage)
             ... with a blast of flame
             ... in a volcano.
             The game lasted 00:23:18 (9580 turns).

Naow the Knight (Formicid Fighter)                  Turns: 9580, Time: 00:23:19

Health: -3/85      AC: 23    Str: 25    XL:     11   Next: 49%
Magic:  18/20      EV: 10    Int:  7    God:    Okawaru [***...]
Gold:   586        SH: 13    Dex: 10    Spells: 0 memorised, 10 levels left

rFire  . . .     SeeInvis +     Z - +8 mace of Reason {speed, rPois}
rCold  . . .     Gourm    .     E - +0 plate armour
rNeg   . . .     Faith    .     c - +0 shield
rPois  +         Spirit   .     (helmet unavailable)
rElec  .         Reflect  .     A - +0 cloak
rCorr  .         Harm     .     y - +0 pair of gloves
MR     +....                    (no boots)
Stlth  ..........               (no amulet)
                                D - +5 ring of protection
                                x - +1 ring of evasion

@: heroism
A: permanent stasis, dig shafts and tunnels, four strong arms, antennae 3
a: Dig, Shaft Self, Heroism, Renounce Religion


You were in a volcano.
You worshipped Okawaru.
Okawaru was most pleased with you.
You were not hungry.

You visited 3 branches of the dungeon, and saw 11 of its levels.
You also visited: Ossuary and Volcano.

You collected 586 gold pieces.

Inventory:

Hand Weapons
 B - a +4 quarterstaff of chaos
 M - a +0 battleaxe
 Z - the +8 mace of Reason (weapon) {speed, rPois}
   (You found it on level 9 of the Dungeon)

   Attacks with this weapon are significantly faster.
   It protects you from poison.
Armour
 b - a +0 scale mail
 c - a +0 shield (worn)
 y - a +0 pair of gloves (worn)
 A - a +0 cloak (worn)
 E - a +0 plate armour (worn)
Jewellery
 x - a +1 ring of evasion (left hand)
 D - a +5 ring of protection (right hand)
Wands
 g - a wand of random effects (13/48)
 P - a wand of polymorph (10/24)
 Q - a wand of paralysis (7/24)
 T - a wand of slowing (30/48)
 X - a wand of heal wounds (2/9)
 Y - a wand of digging (15/24)
Scrolls
 e - 4 scrolls of fear
 k - a scroll of amnesia {unknown}
 l - 5 scrolls of enchant armour {unknown}
 n - 3 scrolls of teleportation {unknown}
 o - 3 scrolls of identify
 t - 11 scrolls of remove curse
 u - a scroll of magic mapping
 v - a scroll of recharging
 F - a scroll of fog
 H - a scroll of noise
 L - a scroll of enchant weapon {unknown}
 V - a scroll of brand weapon {unknown}
Potions
 d - a potion of might
 i - 3 potions of lignification
 j - 2 potions of agility {unknown}
 m - 5 potions of curing
 p - 2 potions of brilliance
 r - 2 potions of heal wounds
 w - 2 potions of flight {unknown}
 z - 2 potions of haste
 C - 3 potions of cure mutation {unknown}
 I - a potion of resistance
 J - 2 potions of magic {unknown}
 N - a potion of degeneration {unknown}
 O - 2 potions of ambrosia {unknown}
Books
 a - a book of Death

   Spells                             Type                      Level
   a - Corpse Rot                     Necromancy                   2
   b - Sublimation of Blood           Necromancy                   2
   c - Agony                          Necromancy                   5
   d - Dispel Undead                  Necromancy                   5
   e - Excruciating Wounds            Charms/Necromancy            5
   f - Bolt of Draining               Conjuration/Necromancy       5
 K - a book of Misfortune

   Spells                             Type                      Level
   a - Confusing Touch                Hexes                        1
   b - Confuse                        Hexes                        3
   c - Gell's Gravitas                Hexes/Translocation          3
   d - Petrify                        Transmutation/Earth          4
   e - Metabolic Englaciation         Hexes/Ice                    5
   f - Yara's Violent Unravelling     Hexes/Transmutation          5
 R - a book of Callings

   Spells                             Type                      Level
   a - Summon Small Mammal            Summoning                    1
   b - Call Imp                       Summoning                    2
   c - Call Canine Familiar           Summoning                    3
   d - Summon Guardian Golem          Hexes/Summoning              3
   e - Summon Lightning Spire         Summoning/Air                4
   f - Summon Ice Beast               Ice/Summoning                4
 U - a book of Maledictions

   Spells                             Type                      Level
   a - Corona                         Hexes                        1
   b - Ensorcelled Hibernation        Hexes/Ice                    2
   c - Confuse                        Hexes                        3
   d - Tukima's Dance                 Hexes                        3
   e - Dazzling Spray                 Conjuration/Hexes            3
Comestibles
 f - 4 bread rations
 h - 7 meat rations
 q - a fruit
 s - 11 royal jellies
 G - a slice of pizza
 S - 2 beef jerkies


   Skills:
 + Level 7.7(12.7) Fighting
 - Level 8.8(13.8) Axes
 + Level 7.4(12.4) Armour
 + Level 8.1(13.1) Shields
 - Level 12.1 Invocations


You had 10 spell levels left.
You didn't know any spells.

Dungeon Overview and Level Annotations

Branches:
Dungeon (9/15)             Temple (1/1) D:5            Lair (1/6) D:9
    Orc: D:9-12

Altars:
Ashenzari
Cheibriados
Dithmenos
Elyvilon
Fedhas
Gozag
Hepliaklqana
Kikubaaqudgha
Makhleb
Nemelex Xobeh
Okawaru
Qazlal
Ru
Sif Muna
Trog
Uskayaw
Vehumet
Xom
Yredelemnul
Zin
The Shining One

Annotations:
D:6 exclusion: oklob plant


Innate Abilities, Weirdness & Mutations

You are under a permanent stasis effect.
You can dig through walls and to a lower floor.
Your four strong arms can wield two-handed weapons with a shield.
You have a pair of large antennae on your head. (SInv)


Message History

The lindwurm breathes flames at you.
The blast of flame hits the earth elemental.
The earth elemental completely resists.
The blast of flame hits you!
You hit the earth elemental.
The earth elemental is moderately damaged.
The earth elemental hits you but does no damage.
You hit the earth elemental.
The earth elemental is moderately damaged.
You gain the combat prowess of a mighty hero.
You block the earth elemental's attack.
You hit the earth elemental but do no damage.
The earth elemental is moderately damaged.
The lindwurm breathes flames at you.
The blast of flame hits the earth elemental.
The earth elemental completely resists.
The blast of flame hits you!
* * * LOW HITPOINT WARNING * * *
The lindwurm breathes flames at you.
The blast of flame hits the earth elemental.
The earth elemental completely resists.
The blast of flame hits you!
You die...

#..## ### ....#
### #.# #.≈≈.#
##..## ##.###
..≈≈..
##≈...###....#
#.≈≈≈≈.
#≈≈....#.###.##
..≈k≈≈E
#≈..∩..'##
##.##E.≈k.≈≈
#≈≈...###
###.@#
#≈≈...##≈≈§§
####
#≈≈...##≈≈≈§
#≈..∩..+.≈≈≈..
{
#≈§....#..≈..#
{
##§...###...##
###.## #..# {
#.# ###


You could see 2 lindwurms and 2 earth elementals.

Vanquished Creatures
  The ghost of Cirk the Covert, a novice HEEn of Kikubaaqudgha (D:7)
  Pikel (D:8)
  A black mamba (Lair:1)
  A toenail golem (Volcano)
  Psyche (D:8)
  3 centaur skeletons
  Prince Ribbit (D:5)
  A hippogriff (D:9)
  Sigmund (D:5)
  A yak (D:9)
  A hungry ghost (D:9)
  Edmund (D:6)
  A hornet zombie (D:9)
  A black bear (D:9)
  3 orc warriors
  2 ice beasts
  A necrophage (D:8)
  5 phantoms
  A sky beast (D:5)
  3 ogres
  4 centaurs
  A big kobold (D:8)
  4 bullfrogs
  An earth elemental (Volcano)
  2 scorpions (D:9)
  16 killer bees
  4 wights (D:9)
  4 howler monkeys
  4 crimson imps
  3 bullfrog zombies
  A centaur zombie (D:6)
  3 orc priests
  Crazy Yiuf (D:2)
  5 hounds
  8 jellies
  Natasha (D:4)
  8 orc wizards
  3 worker ants
  A killer bee zombie (D:9)
  3 big kobold zombies (Ossuary)
  2 hound zombies
  A mummy (Ossuary)
  4 worker ant zombies
  10 adders
  5 river rats (D:9)
  2 shadow imps
  20 oozes
  2 worms
  A dart slug (D:4)
  3 leopard geckos
  32 orcs
  A spectral bat (Ossuary)
  15 bats
  3 giant cockroaches
  8 goblins
  3 hobgoblins
  11 jackals
  3 quokkas
  4 bat simulacra (Ossuary)
  4 frilled lizards
  9 gnoll zombies (Ossuary)
  A goblin simulacrum (Ossuary)
  3 goblin zombies
  4 hobgoblin zombies (Ossuary)
  2 jackal zombies
  8 kobolds
  A kobold simulacrum (Ossuary)
  8 kobold zombies (Ossuary)
  4 orc zombies (Ossuary)
  8 rats
  2 rat simulacra (Ossuary)
  5 spectral goblins (Ossuary)
  6 spectral kobolds (Ossuary)
  A spectral rat (Ossuary)
  A fungus (D:9)
  2 plants (D:9)
307 creatures vanquished.

Vanquished Creatures (others)
  4 fungi (D:6)
4 creatures vanquished.

Grand Total: 311 creatures vanquished

Notes
Turn   | Place    | Note
-------+----------+-------------------------------------------
     0 | D:1      | Naow the Formicid Fighter began the quest for the Orb.
     0 | D:1      | Reached XP level 1. HP: 18/18 MP: 1/1
   175 | D:1      | Reached XP level 2. HP: 24/24 MP: 2/2
   657 | D:1      | Found a sacrificial altar of Ru.
   816 | D:2      | Reached XP level 3. HP: 14/29 MP: 3/3
  1117 | D:2      | Found a runed door.
  1529 | D:3      | Reached XP level 4. HP: 35/37 MP: 4/4
  2061 | D:3      | Reached XP level 5. HP: 26/42 MP: 5/5
  2241 | D:3      | Reached XP level 6. HP: 30/48 MP: 6/6
  3279 | D:4      | Noticed Natasha
  3287 | D:4      | Killed Natasha
  3334 | D:4      | Noticed a phantom
  3355 | D:4      | Killed a phantom
  3355 | D:4      | Reached XP level 7. HP: 38/55 MP: 7/7
  3538 | D:2      | Noticed Crazy Yiuf
  3542 | D:2      | Killed Crazy Yiuf
  3542 | D:2      | Reached skill level 5 in Axes
  3542 | D:2      | Reached skill level 5 in Shields
  3625 | D:5      | Entered Level 5 of the Dungeon
  3654 | D:5      | Noticed Sigmund
  3696 | D:5      | Killed Sigmund
  3696 | D:5      | Reached skill level 5 in Armour
  3698 | D:5      | Reached skill level 5 in Fighting
  4010 | D:6      | Reached XP level 8. HP: 55/62 MP: 8/8
  4130 | D:6      | Found a snail-covered altar of Cheibriados.
  4246 | D:6      | Found a sand-covered staircase.
  4259 | Ossuary  | Entered an ossuary
  4752 | D:6      | Reached XP level 9. HP: 55/69 MP: 9/9
  4761 | D:6      | Noticed Edmund
  4770 | D:5      | Found a staircase to the Ecumenical Temple.
  4778 | Temple   | Entered the Ecumenical Temple
  5011 | D:5      | Noticed Prince Ribbit
  5044 | D:5      | Killed Prince Ribbit
  5641 | D:6      | Killed Edmund
  5789 | D:6      | Found an iron altar of Okawaru.
  5842 | D:6      | Became a worshipper of Warmaster Okawaru
  6027 | D:6      | Noticed an oklob plant
  6289 | D:7      | Noticed Cirk's ghost (novice HEEn)
  6317 | D:7      | Killed Cirk's ghost
  6317 | D:7      | Reached XP level 10. HP: 79/79 MP: 10/10
  6364 | D:7      | Reached skill level 2 in Invocations
  6713 | D:7      | Reached skill level 3 in Invocations
  6730 | D:7      | Reached * piety under Okawaru
  6810 | D:7      | Reached skill level 4 in Invocations
  7035 | D:8      | Reached skill level 5 in Invocations
  7110 | D:8      | Reached skill level 6 in Invocations
  7827 | D:8      | Reached skill level 7 in Invocations
  7837 | D:8      | Noticed Psyche
  7847 | D:8      | Killed Psyche
  7847 | D:8      | Reached ** piety under Okawaru
  7893 | D:8      | Noticed Pikel
  7920 | D:8      | Killed Pikel
  7920 | D:8      | Reached skill level 8 in Invocations
  8111 | D:8      | Reached skill level 9 in Invocations
  8287 | D:9      | Reached XP level 11. HP: 67/84 MP: 15/18
  8305 | D:9      | Reached skill level 10 in Invocations
  8612 | D:9      | Got a translucent mace
  8613 | D:9      | Identified the +8 mace of Reason {speed, rPois} (You found it on level 9 of the Dungeon)
  8639 | D:9      | Reached *** piety under Okawaru
  8666 | D:9      | Reached skill level 11 in Invocations
  8700 | D:9      | Found a staircase to the Lair.
  9049 | D:9      | Reached skill level 12 in Invocations
  9357 | Lair:1   | Entered Level 1 of the Lair of Beasts
  9362 | Lair:1   | Found a dark tunnel.
  9379 | Volcano  | Entered a volcano
  9384 | Volcano  | Noticed a toenail golem
  9412 | Volcano  | Killed a toenail golem
  9570 | Volcano  | Noticed a lindwurm
  9570 | Volcano  | Noticed a lindwurm
  9580 | Volcano  | Killed from afar by a lindwurm

Vault maps used:
D:1:      dpeg_arrival_water_altar
D:2:      minmay_strange_pillars, uniq_crazy_yiuf_cottage
D:4:      first_bread, uniq_natasha
D:5:      uniq_prince_ribbit1, uniq_sigmund
D:6:      lemuel_slime, kennysheep_mini, basic_altar, enter_ossuary_3,
          minmay_misc_feat_chi, uniq_edmund
D:7:      kennysheep_small_circle
D:8:      hangedman_little_slice_of_home, uniq_psyche, uniq_pikel
D:9:      grunt_lair_entry_orc_guard_hut
Temple:   regret_index_temple_chain_breaker
Lair:1:   nicolae_volcano_entry_hallway, serial_bayou_ford_a,
          kennysheep_snail_temple, infiniplex_staircase_pool, uniq_nergalle
Ossuary:  ossuary_zaba_two_paths
Volcano:  volcano_aerie

Skill      XL: |  1  2  3  4  5  6  7  8  9 10 11 |
---------------+----------------------------------+-----
Axes           | 3 4 5 7 8 |  8.8
Shields        | 4 5 6 7 8 |  8.1
Fighting       | 4 5 6 7 |  7.7
Armour         | 4 5 6 7 |  7.4
Invocations    | 9 12 | 12.1

Action                   |  1- 3 |  4- 6 |  7- 9 | 10-12 || total
-------------------------+-------+-------+-------+-------++-------
Melee: War axe           |    88 |   199 |   375 |       ||   662
       Battleaxe         |       |       |   106 |   357 ||   463
       Mace              |       |       |       |   143 ||   143
Invok: Heroism           |       |       |       |     9 ||     9
  Use: Potion            |       |       |     1 |       ||     1
       Scroll            |       |       |       |    13 ||    13
  Eat: Chunk             |     2 |     6 |     9 |    17 ||    34
       Beef jerky        |       |       |     1 |       ||     1
       Bread ration      |       |       |       |     1 ||     1
Armor: Scale mail        |    29 |    79 |     6 |       ||   114
       Skin              |       |       |    27 |       ||    27
       Plate armour      |       |       |   173 |   299 ||   472
Dodge: Dodged            |    34 |    48 |    93 |   143 ||   318
Block: Shield            |    44 |   103 |   227 |   343 ||   717
